 Dungeon Crawl Stone Soup version 0.32-a0-918-g0f22ef8d61 (webtiles) character file.

Game seed: 7316944085013671910

3845 dogverified the Martial Artist (level 10, -1/80 HPs)
             Began as a Merfolk Shapeshifter on Apr 11, 2024.
             Was a Believer of Trog.
             Constricted to death by a starspawn tentacle (3 damage)
             ... attached to a tentacled starspawn
             ... on level 1 of the Abyss on Apr 12, 2024.
             The game lasted 00:13:16 (8719 turns).

dogverified the Martial Artist (MfSh)               Turns: 8719, Time: 00:13:17

Health: -1/80      AC:  8    Str: 16    XL:     10   Next: 18%
Magic:  10/10      EV: 14    Int: 10    God:    Trog [**....]
Gold:   32         SH:  0    Dex: 16    Spells: 9/9 levels left

rFire   . .          .
                       - Unarmed
rCold   . . .        (shield currently unavailable)
rNeg    . . .        a - melded +1 animal skin
rPois   .            (no helmet)
rElec   .            z - +0 cloak
rCorr   .            (no gloves)
SInv    .            p - +2 pair of boots
Will    .....        (no amulet)
Stlth   +            i - +5 ring of evasion
HPRegen 0.33/turn    k - +4 ring of protection
MPRegen 0.12/turn

%: no passive effects
@: flux-form, glowing, constricted
A: glow, contaminating, (nimble swimmer 2), mertail
a: Begin Untransformation, Renounce Religion, Berserk, Trog's Hand


You were on level 1 of the Abyss.
You worshipped Trog.
Trog was pleased with you.
You were something dangerously unstable.
You visited 2 branches of the dungeon, and saw 10 of its levels.
You visited the Abyss 1 time.

You collected 311 gold pieces.
You spent 279 gold pieces at shops.

Inventory:

Armour
 a - a +1 animal skin (melded)
 b - a scarf of repulsion
 e - a +0 chain mail
 p - a +2 pair of boots (worn)
 z - a +0 cloak (worn)
 A - +0 steam dragon scales
Jewellery
 h - a ring of positive energy
 i - a +5 ring of evasion (left hand)
 j - a ring of fire
 k - a +4 ring of protection (right hand)
 x - a ring of fire
Talismans
 c - a beast talisman
 d - a flux talisman (active)
Wands
 q - a wand of light (6)
 E - a wand of charming (31)
 H - a wand of flame (4)
Scrolls
 l - 3 scrolls of identify
 n - a scroll of immolation {unknown}
 v - 3 scrolls of enchant armour
 y - 2 scrolls of enchant weapon
 C - 2 scrolls of amnesia
 F - a scroll of blinking {unknown}
Potions
 f - 4 potions of attraction
 m - a potion of brilliance {unknown}
 o - 5 potions of curing
 s - 3 potions of heal wounds
 t - 2 potions of enlightenment
 u - 2 potions of mutation {unknown}
 w - a potion of magic {unknown}
 G - a potion of resistance {unknown}


   Skills:
 - Level 8.1 Fighting
 * Level 7.6 Dodging
 - Level 10.4 Unarmed Combat
 + Level 3.6 Evocations
 - Level 7.3 Shapeshifting


You had 9 spell levels left.
You didn't know any spells.
Your spell library contained the following spells:

 Spells                   Type           Power      Damage    Failure   Level
 Apportation              Tloc           0%         N/A       36%         1
 Ensorcelled Hibernation  Hex/Ice        0%         N/A       50%         2
 Fugue of the Fallen      Necr           0%         N/A       75%         3
 Anguish                  Hex/Necr       0%         N/A       98%         4


Dungeon Overview and Level Annotations

Branches:
Dungeon (9/15)             Temple (1/1) D:4
   Lair: D:8-11         Orc: D:9-12

Altars:
Ashenzari
Cheibriados
Dithmenos
Elyvilon
Fedhas
Gozag
Hepliaklqana
Kikubaaqudgha
Makhleb
Nemelex Xobeh
Okawaru
Ru
Sif Muna
Trog
Uskayaw
Vehumet
Wu Jian
Xom
Yredelemnul
Zin
The Shining One
Ignis

Shops:
D:5 !   D:9 !

Annotations:
D:9 Erolcha


Innate Abilities, Weirdness & Mutations

You are something dangerously unstable.
You glow with magical radiation, making you easy to see and hit.
Foes you strike become dangerously contaminated with magical radiation.
You are incapable of wielding weapons or throwing items.
((You are very nimble when in or above water. (Stealth+, EV+, Speed+++)))
Your lower body shifts to a powerful aquatic tail in water.


Message History

The large abomination completely misses you.
You hit the tentacled starspawn.
The tentacled starspawn begins to glow.
The tentacled starspawn is moderately damaged.
Tentacles burst from the starspawn's body! 2 starspawn tentacles come into view.
You hit the tentacled starspawn.
The tentacled starspawn glows dangerously bright.
The tentacled starspawn is moderately damaged.
The large abomination completely misses you.
The tentacled starspawn closely misses you.
The tentacled starspawn tentacle-slaps you!
Unknown command.
You hit the tentacled starspawn.
The tentacled starspawn shudders as magic cascades through it!!
The tentacled starspawn is severely damaged.
The starspawn tentacle completely misses you.
The large abomination hits you!!
* * * LOW HITPOINT WARNING * * *
You hit the tentacled starspawn.
The tentacled starspawn begins to glow.
The tentacled starspawn is severely damaged.
The tentacled starspawn misses you.
The tentacled starspawn tentacle-slaps you.
* * * LOW HITPOINT WARNING * * *
The starspawn tentacle completely misses you.
The large abomination hits you.
* * * LOW HITPOINT WARNING * * *
You completely miss the tentacled starspawn.
The tentacled starspawn is severely damaged.
The tentacled starspawn misses you.
The tentacled starspawn closely misses you.
The starspawn tentacle grabs you. The starspawn tentacle constricts you.
* * * LOW HITPOINT WARNING * * *
The large abomination hits you but does no damage.
You hit the tentacled starspawn.
The tentacled starspawn glows dangerously bright.
The tentacled starspawn is almost destroyed.
The tentacled starspawn closely misses you.
The tentacled starspawn barely misses you.
The starspawn tentacle constricts you.
You die...

. .# # .# ..
##.#. #...#X ...
. #.# . #X # .
.... ..#..#..##
.#..##.. .
.#.#Λw######..##
.## ..
\#........ . ...
###│......... .
.# #XX# # .# ..
.. #.##pw# . #
#...## #..#....#
#. ####. # # ..#
... #... #.. ..


You could see a tentacled starspawn (heavy contam), a large abomination and a
starspawn tentacle.

Vanquished Creatures
  Maurice (D:8)
  An apocalypse crab (Abyss:1)
  Grinder (D:6)
  Sigmund (D:3)
  2 steam dragons
  A black bear (D:4)
  A water moccasin (D:8)
  An ice beast (D:6)
  An orc warrior (D:7)
  An ogre (D:7)
  A laughing skull (Abyss:1)
  A phantom (D:7)
  A kobold brigand (D:7)
  Blork the orc (D:5)
  5 bullfrogs
  A scorpion (D:6)
  2 howler monkeys
  3 crimson imps (D:8)
  4 hounds
  2 bombardier beetles
  4 jellies
  2 orc priests (D:8)
  2 gnoll boudas
  5 iguanas
  4 sleepcaps
  5 orc wizards
  9 adders
  17 gnolls
  A shadow imp (D:8)
  2 white imps
  3 ufetubi (D:5)
  5 ribbon worms
  21 orcs
  7 endoplasms
  4 giant cockroaches
  11 goblins
  8 hobgoblins
  A jackal (D:3)
  7 quokkas
  4 ball pythons
  3 bats
  4 frilled lizards
  13 kobolds
  8 rats
  A starspawn tentacle (Abyss:1)
183 creatures vanquished.

Vanquished Creatures (others)
  A kobold (D:3)
  A starspawn tentacle (Abyss:1)
2 creatures vanquished.

Grand Total: 185 creatures vanquished

Notes
Turn   | Place    | Note
-------+----------+-------------------------------------------
     0 | D:1      | dogverified the Merfolk Shapeshifter began the quest for
                  | the Orb.
     0 | D:1      | Reached XP level 1. HP: 15/15 MP: 1/1
   167 | D:1      | Reached XP level 2. HP: 21/21 MP: 2/2
   438 | D:1      | Reached XP level 3. HP: 22/26 MP: 3/3
   442 | D:1      | Reached skill level 4 in Unarmed Combat
  1111 | D:2      | Reached skill level 5 in Shapeshifting
  1711 | D:3      | Reached XP level 4. HP: 24/32 MP: 4/4
  1880 | D:3      | Noticed Sigmund
  1897 | D:3      | Killed Sigmund
  1898 | D:3      | Reached skill level 5 in Unarmed Combat
  1898 | D:3      | Reached XP level 5. HP: 27/37 MP: 5/5
  1898 | D:3      | Reached XP level 6. HP: 31/43 MP: 6/6
  2236 | D:3      | Reached skill level 6 in Unarmed Combat
  2484 | D:3      | Found a shimmering blue altar of Sif Muna.
  2521 | D:3      | Got Sif Muna's Anthology of Transposition
  2838 | D:3      | Found a faded altar of an unknown god.
  2936 | D:3      | Reached XP level 7. HP: 23/48 MP: 7/7
  3165 | D:3      | Found a radiant altar of Vehumet.
  3165 | D:3      | Found a sacrificial altar of Ru.
  3817 | D:4      | Found a staircase to the Ecumenical Temple.
  3823 | D:4      | Reached skill level 7 in Unarmed Combat
  3851 | Temple   | Entered the Ecumenical Temple
  3913 | Temple   | Became a worshipper of Trog the Wrathful
  4136 | D:5      | Entered Level 5 of the Dungeon
  4172 | D:5      | Reached XP level 8. HP: 37/60 MP: 8/8
  4554 | D:5      | Found a glowing golden altar of the Shining One.
  4649 | D:5      | Found Beilisul's Distillery.
  4651 | D:5      | Noticed Blork the orc
  4658 | D:5      | Killed Blork the orc
  4659 | D:5      | Reached skill level 8 in Unarmed Combat
  4666 | D:5      | Bought a potion of heal wounds for 55 gold pieces
  4666 | D:5      | Bought a potion of heal wounds for 55 gold pieces
  4666 | D:5      | Bought a potion of curing for 33 gold pieces
  4728 | D:5      | Reached skill level 5 in Fighting
  5210 | D:5      | Reached * piety under Trog
  5575 | D:6      | Noticed Grinder
  5582 | D:6      | Paralysed by Grinder for 2 turns
  5589 | D:6      | Killed Grinder
  5590 | D:6      | Reached skill level 9 in Unarmed Combat
  5714 | D:6      | Reached XP level 9. HP: 71/71 MP: 9/9
  5832 | D:6      | You fall into a shaft and drop 2 floors!
  6081 | D:6      | Found an ornate altar of the Wu Jian Council.
  6221 | D:6      | Reached skill level 10 in Unarmed Combat
  7450 | D:8      | Reached skill level 1 in Evocations
  7548 | D:8      | Found a white marble altar of Elyvilon.
  7586 | D:8      | Reached ** piety under Trog
  7656 | D:8      | Noticed Maurice
  7682 | D:8      | Maurice stole a ring of fire
  7690 | D:8      | Killed Maurice
  7691 | D:8      | Reached XP level 10. HP: 77/80 MP: 10/10
  7764 | D:8      | Found a shimmering altar of Xom.
  7929 | D:8      | Found a hide-covered altar of Uskayaw.
  8159 | D:8      | Found an opulent altar of Gozag.
  8287 | D:9      | Found Fyboehum's Distillery.
  8290 | D:9      | Bought a potion of curing for 51 gold pieces
  8290 | D:9      | Bought a potion of heal wounds for 85 gold pieces
  8292 | D:9      | Noticed Erolcha
  8293 | Abyss:1  | Found a corrupted altar of Lugonu.
  8293 | Abyss:1  | Cast into level 1 of the Abyss (Erolcha)
  8671 | Abyss:1  | Noticed an apocalypse crab
  8680 | Abyss:1  | Killed an apocalypse crab
  8696 | Abyss:1  | Noticed a large abomination
  8701 | Abyss:1  | Noticed a tentacled starspawn
  8718 | Abyss:1  | HP: 2/80 [constriction[a tentacled starspawn] (3)]
  8719 | Abyss:1  | Constricted to death by a starspawn tentacle

Illustrated notes

Levels and vault maps discovered:
D:1:      wander_arrival_fairy_ring, layout_basic, minmay_misc_feat_chi
D:2:      layout_basic, dreamdust_mushroom_princess
D:3:      minmay_octagon_keep, layout_loops_ring, led_sif_book,
          gammafunk_temple_overflow_wave, shapermc_ecumenical_altar_flowoftime,
          st_stairs_9, chequers_mini_garden, uniq_sigmund
D:4:      layout_rooms, minmay_temple_entry_slanted
D:5:      minmay_angry_zag, layout_basic, mainiacjoe_overflow_paths,
          serial_shops, nicolae_shop_industrial_runoff,
          nicolae_concentric_dashed_squares_mild, dk_vineyard_2, st_stairs_11,
          serial_library_hellmonk_open_cross, uniq_blork_the_orc
D:6:      layout_rooms, mainiacjoe_overflow_24_doors, uniq_grinder
D:7:      layout_basic
D:8:      layout_loops_ring, lemuel_doored_altar, mainiacjoe_overflow_alcove_4,
          kennysheep_mini_moat, led_xom_imps, kennysheep_decorative_pillar,
          uniq_maurice
D:9:      layout_roguey, nicolae_qazlal_general_emergency, serial_shops,
          nicolae_stop_n_shop_2, roadster_trireme, uniq_pikel, uniq_erolcha,
          uniq_grum
Temple:   ebering_untended_altars
Abyss:1:  base:
D:6

Skill      XL: |  1  2  3  4  5  6  7  8  9 10 |
---------------+-------------------------------+-----
Unarmed Combat | 4 5 6 7 9 10 | 10.4
Shapeshifting  | 5 6 7 |  7.3
Fighting       | 4 6 8 |  8.1
Dodging        | 6 7 |  7.6
Evocations     | 2 3 |  3.6

Action                     |  1- 3 |  4- 6 |  7- 9 | 10-12 || total
---------------------------+-------+-------+-------+-------++-------
  Melee: Unarmed           |    78 |   109 |   409 |    41 ||   637
         Punch             |     1 |     7 |     1 |       ||     9
 Invoke: Berserk           |       |       |     3 |     1 ||     4
    Use: Scroll            |     3 |       |     5 |     3 ||    11
         Potion            |     1 |     5 |     2 |       ||     8
   Stab: Sleeping          |     2 |     1 |       |       ||     3
 Armour: Animal skin       |    28 |    61 |     5 |       ||    94
         Skin              |     1 |     7 |   113 |    16 ||   137
  Dodge: Dodged            |    36 |   107 |   387 |    38 ||   568
         Repelled          |       |       |     3 |       ||     3
   Form: Flux              |       |       |     1 |       ||     1

Table legend: (Time is in decaauts)
 A = Elapsed time spent in this place.
 B = Non-inter-level travel time spent in this place.
 C = Inter-level travel time spent in this place.
 D = Time resting spent in this place.
 E = Time spent auto-exploring this place.
 F = Levels seen in this place.
 G = Mean time per level.
                   A        B        C        D        E       F      G
               +--------+--------+--------+--------+--------+-----+--------+
         Total |   8658 |   8612 |     46 |   1362 |   4874 |  11 |  787.1 |
       Dungeon |   8148 |   8102 |     46 |   1172 |   4874 |   9 |  905.3 |
        Temple |     81 |     81 |      0 |      0 |      0 |   1 |   81.0 |
         Abyss |    428 |    428 |      0 |    190 |      0 |   1 |  428.0 |
               +--------+--------+--------+--------+--------+-----+--------+

Top non-repeatable levels by time:
     D:3: 1648 daAuts
     D:5: 1280 daAuts
     D:7: 1136 daAuts
     D:8: 925 daAuts
     D:2: 899 daAuts
     D:1: 796 daAuts
     D:6: 771 daAuts
     D:4: 677 daAuts
 Abyss:1: 428 daAuts
  Temple: 81 daAuts
     D:9: 11 daAuts
